Map: Ever Dream LE

Players

cratoss

  • Race: Protoss Protoss
  • League: Diamond
  • Spawn Location: 1:00

Mattjk - Winner!

  • Race: Terran Terran
  • League: Diamond
  • Spawn Location: 7:00

VOD

Have the link to the VOD?

Description

Time

  • Played on: May 7, 2020, 8:08 p.m.
  • Length: 10:01
Show
View Real Time Build Order
Export as new Build Order

cratoss Protoss 

Build Orders: Nexus First, Colossus Rush 

Get SALT Encoding   

  12  0:01  Probe  
  13  0:13  Probe  
  14  0:46  Nexus  
  14  1:02  Pylon  
  14  1:03  Assimilator  
  14  1:20  Gateway  
  14  1:58  Probe (Chrono Boost)  
  15  2:09  Cybernetics Core  
  15  2:11  Probe (Chrono Boost)  
  16  2:18  Assimilator  
  16  2:19  Probe (Chrono Boost)  
  17  2:23  Probe (Chrono Boost)  
  18  2:34  Probe (Chrono Boost)  
  19  2:43  Probe (Chrono Boost)  
  20  2:46  Adept (Chrono Boost)  
  20  2:50  Warp Gate  
  22  2:55  Probe  
  21  3:05  Gateway  
  21  3:07  Probe (Chrono Boost)  
  22  3:16  Robotics Facility  
  22  3:19  Probe (Chrono Boost)  
  23  3:26  Stalker  
  25  3:30  Probe (Chrono Boost)  
  26  3:41  Probe (Chrono Boost)  
  27  3:50  Probe (Chrono Boost)  
  27  3:55  Zealot  
  25  4:02  Pylon  
  21  4:06  Robotics Bay  
  21  4:07  Probe (Chrono Boost)  
  23  4:17  Probe (Chrono Boost)  
  23  4:24  Gateway x2  
  23  4:35  Probe (Chrono Boost)  
  24  4:39  Stalker x2  
  29  4:45  Probe (Chrono Boost)  
  29  4:50  Probe (Chrono Boost)  
  30  5:02  Colossus (Chrono Boost)  
  36  5:15  Pylon  
  36  5:26  Pylon  
  36  5:33  Probe  
  37  5:45  Probe  
  38  5:53  Colossus  
  44  5:57  Probe  
  45  6:08  Twilight Council  
  43  6:42  Nexus  
  43  6:43  Pylon  
  43  6:46  Charge (Chrono Boost)  
  43  6:53  Probe  
  44  7:01  Stalker  
  44  7:04  Zealot  
  44  7:05  Probe  
  49  7:18  Probe  
  49  7:22  Forge  
  50  7:27  Sentry x2  
  54  7:30  Probe  
  54  7:36  Shield Battery  
  55  7:48  Pylon  
  55  7:53  Probe  
  55  7:54  Observer  
  55  7:57  Probe  
  58  8:00  Sentry  
  60  8:05  Probe  
  60  8:07  Zealot  
  60  8:10  Probe  
  64  8:17  Photon Cannon  
  64  8:18  Probe  
  65  8:22  Probe  
  66  8:30  Probe  
  66  8:34  Probe  
  68  8:38  Stalker  
  70  8:52  Stalker x2  
  70  8:53  Stalker  
  49  9:16  Zealot  
  45  9:17  Zealot  
  39  9:43  Gateway  
  39  9:47  Gateway  
Show
View Real Time Build Order
Export as new Build Order

Mattjk Terran - Winner!

Build Orders: 1/1/1 

Get SALT Encoding   

  12  0:01  SCV  
  13  0:13  SCV  
  14  0:17  Supply Depot  
  14  0:25  SCV  
  15  0:29  Refinery  
  15  0:39  SCV  
  16  0:46  Barracks  
  16  0:51  SCV  
  17  1:03  SCV  
  18  1:15  SCV  
  20  1:33  Orbital Command  
  20  1:41  Factory  
  20  1:45  Marine  
  20  1:48  Supply Depot  
  20  1:57  Refinery  
  20  2:02  SCV  
  20  2:03  Bunker  
  21  2:08  Marine  
  21  2:14  SCV  
  23  2:24  Factory Tech Lab  
  23  2:29  Starport, Marine  
  24  2:38  SCV  
  25  2:49  Siege Tank  
  28  2:58  Marine  
  29  3:09  Command Center  
  29  3:12  Medivac  
  31  3:20  Barracks Reactor  
  31  3:24  Supply Depot  
  31  3:33  SCV  
  32  3:37  Cyclone  
  35  3:58  Marine x2  
  35  3:59  SCV  
  38  4:06  Starport Reactor  
  38  4:11  SCV  
  38  4:12  Barracks  
  39  4:18  Barracks  
  39  4:20  Marine  
  40  4:28  Orbital Command  
  40  4:37  Engineering Bay  
  40  4:39  SCV  
  41  4:49  Siege Tank  
  44  5:20  SCV x2  
  46  5:22  Barracks Tech Lab x2  
  46  5:34  Starport Tech Lab  
  46  5:39  Marine x2  
  46  5:40  Siege Tank  
  46  5:41  Combat Shield, Stimpack  
  51  5:43  SCV x2  
  51  5:46  Terran Infantry Weapons Level 1  
  51  5:48  Supply Depot  
  53  5:52  Marine x2  
  55  6:07  Marine  
  55  6:08  Marine  
  57  6:14  Marine x2  
  57  6:15  SCV x2  
  61  6:19  Raven  
  63  6:25  Marine  
  64  6:44  Marauder, Marine x2  
  64  6:45  Marauder  
  70  6:54  Supply Depot  
  70  6:56  SCV x2  
  71  7:08  Siege Tank  
  74  7:13  Orbital Command  
  74  7:17  Marine x2  
  74  7:18  Marine x2  
  78  7:25  Barracks  
  78  7:35  Reaper  
  79  7:40  Viking  
  81  7:46  Viking  
  83  7:55  Marine  
  83  7:56  Marauder  
  83  7:57  Concussive Shells  
  86  8:11  Supply Depot  
  86  8:13  Supply Depot  
  86  8:14  Missile Turret, Refinery, Supply Depot  
  86  8:17  Refinery  
  86  8:18  SCV  
  86  8:28  Missile Turret  
  86  8:32  Viking x2  
  86  8:33  Marauder x2  
  94  8:36  Marauder  
  93  8:54  Marauder  
  84  9:09  Marauder x2, Marine x2  
  89  9:11  Medivac x2  
  89  9:16  Marauder  
  96  9:21  SCV x2  
  98  9:31  Marauder  
Tags
 
Add a new tag
Caveats
  • Supply blocks, unpowered buildings, or Contaminate may cause inaccurate times.
  • Supply counts are checked every 10 seconds.